 Dungeon Crawl Stone Soup version 0.27-a0-965-gbf8bb431c4 (webtiles) character file.

Game seed: 14966537952332997764

46 spiderkeys the Skirmisher (level 3, 0/29 HPs)
             Began as a Demonspawn Abyssal Knight on Apr 12, 2021.
             Was a Believer of Lugonu.
             Killed from afar by an orc wizard (5 damage)
             ... with a puff of flame
             ... on level 3 of the Dungeon.
             The game lasted 00:03:33 (2962 turns).

spiderkeys the Skirmisher (DsAK)                    Turns: 2962, Time: 00:03:34

Health: 0/29       AC:  5    Str: 13    XL:     3   Next: 46%
Magic:  5/5        EV: 11    Int: 13    God:    Lugonu [**....]
Gold:   106        SH:  0    Dex: 12    Spells: 2/2 levels left

rFire    . . .     SeeInvis .   a - +1 spear
rCold    . . .     Faith    .   (no shield)
rNeg     . . .     Spirit   .   b - +0 leather armour
rPois    .         Reflect  .   f - +1 helmet
rElec    .         Harm     .   (no cloak)
rCorr    .         Rampage  .   (no gloves)
Will     .....                  (no boots)
Stlth    +.........             (no amulet)
HPRegen  0.09/turn              (no ring)
MPRegen  0.09/turn              (no ring)

@: no status effects
A: sturdy frame 1
a: Renounce Religion, Depart the Abyss, Bend Space


You were on level 3 of the Dungeon.
You worshipped Lugonu.
Lugonu was pleased with you.
You visited 1 branch of the dungeon, and saw 3 of its levels.
You visited the Abyss 1 time.

You collected 106 gold pieces.

Inventory:

Hand Weapons
 a - a +1 spear (weapon)
Armour
 b - a +0 leather armour (worn)
 f - a +1 helmet (worn)
Magical Staves
 i - a staff of cold
Jewellery
 h - a ring of protection from fire
 m - an amulet of the acrobat
Potions
 d - a potion of curing {unknown}
 e - a potion of haste
 g - a potion of degeneration {unknown}
 k - a potion of heal wounds {unknown}


   Skills:
 + Level 3.2 Fighting
 * Level 2.4 Polearms
 + Level 2.2 Armour
 + Level 1.3 Dodging
 + Level 3.0 Invocations


You had 2 spell levels left.
You didn't know any spells.
Your spell library was empty.

Dungeon Overview and Level Annotations

Branches:
Dungeon (3/15)

Altars:
Sif Muna

Shops:
D:3 *

Annotations:
D:2 Terence


Innate Abilities, Weirdness & Mutations

Your movements are slightly less encumbered by armour. (ER -2)


Message History

A magic dart appears from out of thin air!
The magic dart hits you! The orc hits you but does no damage.
You hit something but do no damage.
You hear some strange, mumbled words.
A magic dart appears from out of thin air!
The magic dart hits you. The orc closely misses you.
You barely miss something. Something hits you but does no damage.
The orc closely misses you.
You miss something. Something hits you but does no damage. The orc misses you.
You hit something. Something hits you but does no damage.
The orc hits you with a +0 mace.
You closely miss something. Something hits you but does no damage.
The orc hits you but does no damage.
You miss something. Something hits you but does no damage.
The orc hits you with a +0 mace.
You miss something. Something hits you but does no damage.
The orc closely misses you.
You miss something. Something hits you but does no damage.
The orc closely misses you.
You barely miss something. Something hits you but does no damage.
The orc barely misses you.
You closely miss something. Something hits you but does no damage.
The orc closely misses you.
You closely miss something. Something hits you but does no damage.
The orc misses you.
You miss something.
You hear some strange, mumbled words.
A magic dart appears from out of thin air!
The magic dart hits you.
* * * LOW HITPOINT WARNING * * *
The orc closely misses you.
You hit something. Something hits you but does no damage.
The orc closely misses you.
You hit something. Something hits you but does no damage.
The orc barely misses you.
You barely miss something.
You hear some strange, mumbled words.
A puff of flame appears from out of thin air!
The puff of flame hits you.
You die...

.#.#..##.#.####.## #.#
...##.##.#.####.### #.#
...##.##.#.##.....#######o#
#.....##.#.##.#.#.#.......#
##.#####...........o#####.#
##.# ###.##.#.#.### #.#
#... #...$.# #.# .....
###o#########.# #...##
#{@.........# ##.##
############# #.#


You could see an orc.

Vanquished Creatures
  An adder (D:3)
  3 orcs (D:3)
  2 ball pythons
  A bat (D:2)
  2 endoplasms
  3 giant cockroaches (D:1)
  A goblin (D:1)
  2 hobgoblins
  5 jackals
  2 quokkas (D:1)
  2 frilled lizards
  2 kobolds
  4 rats
30 creatures vanquished.

Notes
Turn   | Place    | Note
-------+----------+-------------------------------------------
     0 | Abyss:1  | spiderkeys the Demonspawn Abyssal Knight began the quest
                  | for the Orb.
     0 | Abyss:1  | Reached XP level 1. HP: 18/18 MP: 2/2
    37 | Abyss:1  | Noticed a large abomination
    38 | Abyss:1  | Noticed a small abomination
    38 | Abyss:1  | Noticed a ynoxinul
    43 | D:1      | Escaped the Abyss
   410 | D:1      | Reached skill level 1 in Dodging
   436 | D:1      | Found a faded altar of an unknown god.
   552 | D:1      | Gained mutation: Your movements are slightly less
                  | encumbered by armour. (ER -2) [demonic ancestry]
   552 | D:1      | Reached XP level 2. HP: 24/24 MP: 3/3
  1204 | D:2      | Reached ** piety under Lugonu
  1440 | D:2      | Found a shimmering blue altar of Sif Muna.
  1748 | D:2      | Noticed Terence
  2050 | D:2      | Reached XP level 3. HP: 25/28 MP: 5/5
  2867 | D:3      | Found Heucaito's General Store.
  2962 | D:3      | Killed from afar by an orc wizard

Illustrated notes

Levels and vault maps discovered:
D:1:      tarquinn_simple_flora_water_c, layout_loops_corners,
          ebering_ecumenical_altar_sacrificial
D:2:      layout_basic, basic_altar, uniq_terence
D:3:      layout_loops_ring, slow_altar_2,
          nicolae_uskayaw_murder_on_the_dancefloor, serial_shops,
          nicolae_shop_waterfront

Skill      XL: |  1  2  3 |
---------------+----------+-----
Dodging        | 1 |  1.3
Polearms       | 2 |  2.4
Armour         | 2 |  2.2
Invocations    | 3 |  3.0
Fighting       | |  3.2

Action                   || total
-------------------------++-------
Melee: Spear             ||   145
Invok: Bend Space        ||     3
  Use: Potion            ||     2
       Scroll            ||     3
 Stab: Sleeping          ||     5
       Distracted        ||     1
Armor: Leather armour    ||    48
Dodge: Dodged            ||    83

Table legend: (Time is in decaauts)
 A = Elapsed time spent in this place.
 B = Non-inter-level travel time spent in this place.
 C = Inter-level travel time spent in this place.
 D = Time resting spent in this place.
 E = Time spent auto-exploring this place.
 F = Levels seen in this place.
 G = Mean time per level.
                   A        B        C        D        E       F      G
               +--------+--------+--------+--------+--------+-----+--------+
         Total |   2942 |   2847 |     95 |    558 |   1875 |   4 |  735.5 |
       Dungeon |   2899 |   2804 |     95 |    558 |   1874 |   3 |  966.3 |
         Abyss |     43 |     43 |      0 |      0 |      1 |   1 |   43.0 |
               +--------+--------+--------+--------+--------+-----+--------+

Top non-repeatable levels by time:
     D:1: 1160 daAuts
     D:2: 1004 daAuts
     D:3: 735 daAuts
 Abyss:1: 43 daAuts
